Map: Ice and Chrome LE

Players

PtitDrogo

  • Race: Protoss Protoss
  • Spawn Location: 1:00

MarineLorD - Winner!

  • Race: Terran Terran
  • League: Master
  • Spawn Location: 7:00

Event: DreamHack SC2 Masters 2020 Fall

VOD

Have the link to the VOD?

Description

Time

  • Played on: Sept. 12, 2020, 11:32 a.m.
  • Length: 12:11

All games in this series

Show
View Real Time Build Order
Export as new Build Order

PtitDrogo Protoss 

Build Orders: 1 Gate Expand 

Get SALT Encoding   

  12  0:00  Probe  
  13  0:12  Probe  
  14  0:17  Pylon  
  14  0:24  Probe (Chrono Boost)  
  15  0:35  Gateway  
  15  0:36  Probe (Chrono Boost)  
  16  0:45  Probe (Chrono Boost)  
  16  0:46  Assimilator  
  17  0:51  Probe  
  18  1:03  Probe  
  19  1:15  Probe  
  20  1:22  Cybernetics Core  
  20  1:31  Nexus  
  20  1:40  Pylon  
  20  1:42  Probe  
  21  1:50  Assimilator  
  21  1:54  Probe  
  21  1:55  Adept (Chrono Boost)  
  24  2:01  Shield Battery  
  24  2:04  Warp Gate  
  24  2:07  Probe  
  25  2:15  Stalker (Chrono Boost)  
  25  2:21  Probe  
  28  2:33  Probe  
  29  2:40  Stalker (Chrono Boost)  
  29  2:43  Probe  
  32  2:46  Probe  
  33  2:56  Probe  
  33  2:58  Probe  
  35  3:02  Sentry (Chrono Boost)  
  35  3:05  Twilight Council  
  37  3:08  Probe  
  37  3:10  Probe  
  37  3:12  Gateway  
  39  3:20  Probe  
  40  3:33  Gateway, Probe x2 (Chrono Boost)  
  40  3:37  Robotics Facility  
  40  3:44  Probe (Chrono Boost)  
  40  3:46  Probe (Chrono Boost)  
  40  3:48  Probe (Chrono Boost)  
  40  3:52  Stalker  
  40  3:54  Probe  
  42  3:57  Assimilator  
  42  4:00  Assimilator, Pylon  
  42  4:05  Pylon  
  42  4:08  Stalker  
  44  4:10  Gateway  
  44  4:15  Blink  
  44  4:18  Probe x2  
  44  4:20  Stalker  
  48  4:29  Stalker  
  48  4:30  Probe  
  51  4:33  Probe (Chrono Boost)  
  51  4:37  Stalker  
  53  4:39  Observer  
  56  4:45  Probe (Chrono Boost)  
  56  4:46  Probe (Chrono Boost)  
  55  4:54  Stalker  
  55  4:55  Probe (Chrono Boost)  
  55  4:56  Probe (Chrono Boost)  
  59  5:01  Nexus  
  59  5:04  Observer  
  60  5:09  Probe  
  60  5:10  Pylon  
  61  5:15  Robotics Bay  
  61  5:23  Forge  
  61  5:30  Probe x2 (Chrono Boost)  
  61  5:35  Pylon  
  63  5:41  Probe x2 (Chrono Boost)  
  65  5:45  Observer, Probe x2 (Chrono Boost)  
  65  5:49  Pylon  
  68  5:50  Stalker  
  68  5:55  Stalker  
  68  5:56  Probe (Chrono Boost)  
  74  5:59  Probe (Chrono Boost)  
  74  6:01  Forge  
  74  6:03  Extended Thermal Lance  
  74  6:04  Protoss Ground Weapons Level 1  
  74  6:08  Probe (Chrono Boost)  
  76  6:14  Probe (Chrono Boost)  
  76  6:16  Probe (Chrono Boost), Charge  
  78  6:18  Probe (Chrono Boost)  
  78  6:25  Gateway x2  
  81  6:26  Probe x2 (Chrono Boost)  
  81  6:27  Probe (Chrono Boost)  
  81  6:28  Colossus (Chrono Boost)  
  81  6:29  Observer  
  81  6:31  Probe (Chrono Boost)  
  81  6:32  Probe  
  88  6:35  Probe  
  90  6:41  Protoss Ground Armor Level 1 (Chrono Boost)  
  90  6:43  Probe  
  90  6:44  Assimilator, Probe  
  90  6:46  Assimilator  
  92  6:51  Pylon  
  92  6:54  Pylon  
  92  7:00  Gateway  
  92  7:08  Templar Archives  
  92  7:10  Colossus (Chrono Boost)  
  92  7:11  Gateway  
  92  7:12  Pylon  
  92  7:13  Gateway  
  96  7:23  Gateway x2  
  96  7:24  Zealot x4  
  96  7:27  Shield Battery  
  104  7:34  Pylon  
  104  7:36  Pylon  
  104  7:43  Zealot  
  106  7:46  Zealot x4  
  102  7:54  Shield Battery  
  102  7:55  Zealot  
  90  8:04  Zealot  
  90  8:10  Zealot x6, Colossus (Chrono Boost)  
  100  8:21  Stalker x3  
  102  8:27  Protoss Ground Weapons Level 2 (Chrono Boost)  
  102  8:42  Nexus  
  102  8:44  Pylon  
  102  8:50  High Templar x7  
  102  8:51  Zealot x2  
  102  8:53  Pylon  
  102  8:54  Archon x2  
  102  8:55  Archon  
  120  8:59  Protoss Ground Armor Level 2 (Chrono Boost)  
  117  9:03  Stalker  
  119  9:10  Immortal  
  119  9:14  Zealot x2  
  127  9:21  Probe x2  
  127  9:22  Probe  
  128  9:31  Pylon  
  128  9:35  Probe x2  
  130  9:41  Zealot x3, High Templar x2  
  130  9:45  Pylon  
  136  9:46  Warp Prism (Chrono Boost), Archon  
  136  9:55  Zealot x3, High Templar x2  
  136  9:57  Probe x2  
  148  10:00  Archon  
  148  10:01  Assimilator  
  148  10:04  High Templar x2  
  148  10:05  Zealot, Assimilator  
  154  10:12  Archon  
  152  10:18  Stalker  
  152  10:19  Zealot x4  
  162  10:25  Zealot  
  162  10:29  Zealot  
  162  10:30  Zealot  
  146  10:40  Stalker x5  
  146  10:44  Zealot x2  
  130  10:57  Nexus  
  120  11:16  High Templar x2  
  122  11:35  High Templar  
  122  11:36  Zealot x3  
  122  11:37  Nexus  
Show
View Real Time Build Order
Export as new Build Order

MarineLorD Terran - Winner!

Build Orders: Gas First Reaper Expand 

Get SALT Encoding   

  12  0:00  SCV  
  13  0:12  SCV  
  14  0:16  Supply Depot  
  14  0:24  SCV  
  15  0:29  Refinery  
  15  0:38  SCV  
  16  0:44  Barracks  
  16  0:50  SCV  
  17  1:02  SCV  
  18  1:14  SCV  
  19  1:30  Orbital Command  
  19  1:31  Reaper  
  20  1:47  Command Center  
  20  1:55  Factory  
  20  1:59  SCV  
  21  2:06  Barracks Reactor  
  21  2:11  SCV  
  21  2:13  Supply Depot  
  22  2:23  SCV  
  23  2:35  SCV  
  24  2:47  Supply Depot  
  24  2:50  Hellion x2  
  28  2:54  SCV  
  29  3:03  Command Center  
  29  3:07  SCV  
  29  3:12  Hellion  
  33  3:20  Hellion, Marine  
  33  3:23  SCV  
  35  3:35  SCV  
  35  3:38  Orbital Command  
  36  3:47  SCV  
  35  3:59  SCV  
  35  4:02  Starport, Factory Tech Lab, Refinery  
  35  4:03  SCV  
  35  4:05  Marine  
  35  4:07  Marine  
  38  4:11  SCV  
  38  4:15  SCV  
  40  4:22  Siege Tank  
  43  4:25  Marine x2  
  43  4:26  Orbital Command  
  43  4:27  SCV x2  
  47  4:39  SCV  
  47  4:40  SCV  
  47  4:43  Starport Tech Lab, Marine x2  
  51  4:52  SCV x2  
  53  4:53  SCV  
  53  4:54  Engineering Bay, Barracks  
  53  4:55  Barracks  
  53  4:57  Siege Tank  
  57  5:00  Refinery  
  57  5:04  SCV x2  
  59  5:09  Marine x2  
  59  5:11  Raven  
  59  5:13  Supply Depot  
  63  5:18  SCV, Supply Depot  
  63  5:19  SCV  
  65  5:27  Terran Infantry Weapons Level 1  
  64  5:31  Marine x2  
  64  5:33  SCV x3  
  69  5:37  Refinery  
  69  5:38  Supply Depot  
  69  5:45  SCV x2  
  69  5:46  Factory Tech Lab  
  69  5:49  Marine  
  50  5:50  Stimpack  
  72  5:58  Marauder  
  72  6:00  SCV x2  
  72  6:01  Orbital Command  
  72  6:02  Combat Shield  
  72  6:03  Marine x2  
  78  6:04  Starport Reactor  
  78  6:07  Marine  
  79  6:12  SCV x2  
  79  6:15  Siege Tank  
  84  6:23  Marauder, Marine x2  
  84  6:24  SCV  
  84  6:25  Barracks, Marauder  
  91  6:26  Barracks  
  91  6:27  Supply Depot  
  91  6:28  Supply Depot  
  91  6:30  SCV x2  
  93  6:49  Marauder x2, SCV x3  
  93  6:50  Medivac  
  93  6:51  Viking, Supply Depot  
  93  6:52  Supply Depot  
  104  6:56  Marine x2  
  106  7:01  SCV x3, Supply Depot  
  106  7:04  Supply Depot  
  109  7:13  Siege Tank, Marauder x2  
  109  7:14  SCV  
  117  7:16  SCV x2  
  117  7:21  Barracks Tech Lab, Concussive Shells, Marine  
  117  7:22  Terran Infantry Armor Level 1, Barracks Reactor  
  120  7:30  SCV  
  120  7:31  Refinery x2  
  120  7:33  Marine  
  120  7:34  Marauder x2  
  120  7:36  SCV x2  
  128  7:39  Marine  
  128  7:42  Command Center, Marauder, SCV  
  131  7:48  SCV x2  
  128  7:56  SCV, Marauder  
  128  7:58  Marauder, Marine  
  130  8:03  Marine x2  
  130  8:04  Marauder  
  130  8:05  Siege Tank  
  133  8:06  Medivac x2  
  133  8:07  SCV x2  
  133  8:11  SCV  
  133  8:12  Marine  
  140  8:16  Marine  
  140  8:17  Marauder  
  140  8:19  SCV  
  139  8:23  Marine  
  139  8:24  Marauder, Marine  
  139  8:25  Marauder  
  136  8:27  Armory  
  136  8:28  Engineering Bay  
  136  8:29  Ghost Academy  
  136  8:30  Marine  
  136  8:31  Supply Depot  
  136  8:33  Supply Depot  
  136  8:34  Supply Depot x2, Marine  
  138  8:39  Marauder  
  140  8:52  Medivac x2  
  140  8:53  Siege Tank, Marauder  
  140  8:55  Supply Depot x2  
  149  9:00  SCV x2  
  149  9:01  SCV  
  152  9:06  Sensor Tower, Marauder x2  
  152  9:08  Marine x2  
  158  9:14  Missile Turret, Marauder  
  158  9:16  SCV x2  
  162  9:19  Planetary Fortress  
  162  9:24  Terran Infantry Weapons Level 2, Terran Infantry Armor Level 2  
  161  9:29  Marauder x2, Marine x3  
  168  9:36  Marine  
  168  9:37  Marauder  
  168  9:42  SCV  
  168  9:44  Terran Vehicle Weapons Level 1  
  167  9:46  Marine  
  167  9:47  Marine x2  
  167  9:50  Siege Tank  
  173  9:53  Marine  
  173  9:54  Marauder, Marine  
  173  9:57  Marine  
  178  10:03  Missile Turret  
  178  10:04  Marine  
  178  10:05  Medivac, Missile Turret  
  178  10:06  Medivac  
  179  10:14  Ghost  
  179  10:15  Marine x4  
  179  10:19  Barracks  
  179  10:20  Barracks  
  183  10:22  Barracks  
  183  10:24  Command Center, Marine  
  183  10:25  Marauder  
  180  10:38  Marauder, Marine  
  177  10:43  Siege Tank, Marine x2  
  177  10:44  Marauder  
  177  10:47  Marine  
  177  10:48  Marauder  
  183  10:55  Marine  
  178  10:59  Marauder  
  178  11:01  Marine x2  
  179  11:04  Medivac x2  
  179  11:05  Marauder, Marine  
  179  11:08  Marine  
  179  11:10  SCV  
  181  11:12  Marine x2  
  181  11:13  Marine x2  
  181  11:15  Siege Tank  
  182  11:19  Refinery, Marine x2  
  182  11:20  Refinery, Factory, Ghost  
  182  11:23  Marine  
  183  11:31  Factory  
  181  11:34  Sensor Tower  
  181  11:36  Sensor Tower  
  181  11:41  Ghost x2  
  181  11:44  Barracks Tech Lab x2, Barracks Reactor  

Tags
 
Add a new tag
Caveats
  • Supply blocks, unpowered buildings, or Contaminate may cause inaccurate times.
  • Supply counts are checked every 10 seconds.